 Dungeon Sprint DCSS version 0.24-a0-254-gf493760c10 (webtiles) character file.

Game seed: 10922924099785800738

350 Findor the Basher (level 6, -2/55 HPs)
             Began as a Gargoyle Fighter on Apr 18, 2019.
             Was a Believer of Makhleb.
             Slain by a four-headed hydra (9 damage)
             ... in the Dungeon (Sprint IX: "|||||||||||||||||||||||||||||").
             The game lasted 00:01:19 (570 turns).

Findor the Basher (Gargoyle Fighter)                 Turns: 570, Time: 00:01:20

Health: -2/55      AC: 20    Str: 26    XL:     6   Next: 60%
Magic:  6/6        EV:  5    Int:  9    God:    Makhleb [**....]
Gold:   0          SH: 12    Dex:  9    Spells: 5/5 levels left

rFire    . . .     SeeInvis .   a - +0 flail
rCold    . . .     Gourm    .   c - +0 shield
rNeg     + . .     Faith    .   s - +0 plate armour
rPois    ∞         Spirit   .   (no helmet)
rElec    +         Reflect  .   (no cloak)
rCorr    .         Harm     .   r - +0 pair of gloves
MR       .....     NoTele   +   q - +0 pair of boots
Stlth    ..........             (no amulet)
HPRegen  0.18/turn              t - +2 ring of protection
MPRegen  0.10/turn              (no ring)

@: berserking, very quick
A: negative energy resistance 1, electricity resistance, unbreathing,
petrification resistance, rot immunity, AC +4
a: Minor Destruction, Renounce Religion


You were in the Dungeon.
You worshipped Makhleb.
Makhleb was pleased with you.
You were not hungry.

You visited 1 branch


Innate Abilities, Weirdness & Mutations

You are resistant to torment.
Your stone body is resilient. (AC +4)
You are immune to poison.
You resist negative energy. (rN+)
You are resistant to electric shocks. (rElec)
You can survive without breathing.
You are immune to petrification.
You are immune to rotting.


   Skills:
 - Level 3.2 Fighting
 * Level 11.2 Maces & Flails
 - Level 3.2 Armour
 + Level 9.1 Shields


You had 5 spell levels left.
You didn't know any spells.
Your spell library was empty.

Inventory:

Hand Weapons
 a - a +0 flail (weapon)
 b - a +1 broad axe of freezing
   (You found it in the Dungeon)
Armour
 c - a +0 shield (worn)
 p - a +0 scale mail
 q - a +0 pair of boots (worn)
   (You found it in the Dungeon)
 r - a +0 pair of gloves (worn)
   (You found it in the Dungeon)
 s - a +0 plate armour (worn)
   (You found it in the Dungeon)
Jewellery
 t - a +2 ring of protection (left hand)
   (You found it in the Dungeon)
Wands
 d - a wand of iceblast (10)
   (You found it in the Dungeon)
Scrolls
 k - 2 scrolls of blinking
 m - 3 scrolls of remove curse {@r2}
 n - 2 scrolls of amnesia
Potions
 e - 5 potions of curing {@q1}
 g - 3 potions of heal wounds {@q2}
 h - a potion of haste {@q3}
 i - 4 potions of magic
 l - a potion of invisibility
 o - a potion of might
Comestibles
 f - a ration
 u - 2 chunks of flesh


Message History

a +0 falchion; a +0 robe; a hound skeleton You open the door.
A hydra, 2 yaks, 2 sky beasts and a death knight come into view.
The death knight shouts!
The yak bellows!
The four-headed hydra roars!
The sky beast flickers out of sight!
Deactivating autopickup; reactivate with Ctrl-A.
You completely miss something. Something hits you but does no damage.
You closely miss something. Something hits you but does no damage.
The death knight offers itself to Yredelemnul, and fills with unholy energy.
Your shield and plate armour prevent you from hitting something.
You thump the four-headed hydra! You hit the four-headed hydra.
The four-headed hydra bites you.
The four-headed hydra bites you but does no damage.
The four-headed hydra bites you. x2
You hit the four-headed hydra.
The four-headed hydra bites you but does no damage. x2
You block the four-headed hydra's attack.
The four-headed hydra bites you.
Evoke which item? (* to show all) (? for menu, Esc to quit)
Okay, then.
You sock the four-headed hydra! The four-headed hydra bites you!
The four-headed hydra bites you but does no damage.
The four-headed hydra bites you.
* * * LOW HITPOINT WARNING * * *
You block the four-headed hydra's attack.
Unknown command.
A red film seems to cover your vision as you go berserk!
You feel yourself moving faster!
You feel mighty!
A sky beast appears from thin air!
Reactivating autopickup.
The four-headed hydra bites you but does no damage.
You block the four-headed hydra's attack. x2
The four-headed hydra bites you but does no damage.
You completely miss the four-headed hydra.
The sky beast flickers out of sight!
Deactivating autopickup; reactivate with Ctrl-A.
The sky beast flickers out of sight!
The four-headed hydra bites you!
* * * LOW HITPOINT WARNING * * *
The four-headed hydra bites you but does no damage. x2
The four-headed hydra bites you.
* * * LOW HITPOINT WARNING * * *
Unknown command.
Unknown command.
Unknown command.
Unknown command.
Your plate armour prevents you from hitting the four-headed hydra.
You bludgeon the four-headed hydra!!
The death knight's dark mirror aura disappears.
The four-headed hydra bites you!
You die... ▓▓▓▓▓▓▓▓▓▓▓▓▓▓▓▓▓▓▓▓▓▓▓▓ .{pYY{D@.....).=...)|..' ▓▓▓▓▓▓▓▓▓▓▓▓▓▓▓▓▓▓▓▓▓▓▓▓

You could see a death knight, a four-headed hydra and 2 yaks.

Vanquished Creatures
  A sky beast (D)
  A centaur (D)
  A wight (D)
  A howler monkey (D)
  A crimson imp (D)
  A hound (D)
  A worker ant (D)
  An ooze (D)
  An adder skeleton (D)
  An orc (D)
  2 goblins (D)
  A jackal (D)
  A ball python zombie (D)
  A bat (D)
  A rat (D)
16 creatures vanquished.

Notes
Turn   | Place    | Note
-------+----------+-------------------------------------------
     0 | D        | Findor the Gargoyle Fighter began the quest for the Orb.
     0 | D        | Reached XP level 1. HP: 14/14 MP: 1/1
    15 | D        | Reached skill level 3 in Maces & Flails
    18 | D        | Reached XP level 2. HP: 9/19 MP: 2/2
    22 | D        | Reached skill level 4 in Maces & Flails
   181 | D        | Noticed a centaur
   181 | D        | Noticed a howler monkey
   195 | D        | Killed a howler monkey
   195 | D        | Reached skill level 6 in Maces & Flails
   195 | D        | Reached XP level 3. HP: 21/23 MP: 3/3
   204 | D        | Killed a centaur
   204 | D        | Reached skill level 8 in Maces & Flails
   204 | D        | Reached skill level 6 in Shields
   204 | D        | Reached XP level 4. HP: 9/28 MP: 4/4
   204 | D        | Reached XP level 5. HP: 10/32 MP: 5/5
   423 | D        | Found a roughly hewn altar of Beogh.
   423 | D        | Found a snail-covered altar of Cheibriados.
   423 | D        | Found a shadowy altar of Dithmenos.
   423 | D        | Found a white marble altar of Elyvilon.
   423 | D        | Found a blossoming altar of Fedhas.
   423 | D        | Found an opulent altar of Gozag.
   424 | D        | Found a hazy altar of Hepliaklqana.
   425 | D        | Found a viscous altar of Jiyva.
   426 | D        | Found an ancient bone altar of Kikubaaqudgha.
   427 | D        | Found a corrupted altar of Lugonu.
   428 | D        | Found a burning altar of Makhleb.
   429 | D        | Found a sparkling altar of Nemelex Xobeh.
   430 | D        | Found an iron altar of Okawaru.
   431 | D        | Found a stormy altar of Qazlal.
   432 | D        | Found a sacrificial altar of Ru.
   433 | D        | Found a deep blue altar of Sif Muna.
   434 | D        | Found a bloodstained altar of Trog.
   435 | D        | Found a hide-covered altar of Uskayaw.
   436 | D        | Became a worshipper of Makhleb the Destroyer
   437 | D        | Found a radiant altar of Vehumet.
   438 | D        | Found an ornate altar of the Wu Jian Council.
   439 | D        | Found a shimmering altar of Xom.
   440 | D        | Found a basalt altar of Yredelemnul.
   441 | D        | Found a glowing silver altar of Zin.
   442 | D        | Found a glowing golden altar of the Shining One.
   490 | D        | Noticed a sky beast
   496 | D        | Reached skill level 9 in Maces & Flails
   506 | D        | Killed a sky beast
   506 | D        | Reached skill level 10 in Maces & Flails
   506 | D        | Reached XP level 6. HP: 33/37 MP: 6/6
   524 | D        | Reached * piety under Makhleb
   538 | D        | Reached skill level 11 in Maces & Flails
   550 | D        | Reached ** piety under Makhleb
   550 | D        | Reached skill level 9 in Shields
   559 | D        | Noticed a sky beast
   559 | D        | Noticed a death knight
   559 | D        | Noticed a yak
   559 | D        | Noticed a four-headed hydra
   559 | D        | Noticed a yak
   559 | D        | Noticed a sky beast
   568 | D        | HP: 7/55 [four-headed hydra (6)]
   570 | D        | Slain by a four-headed hydra

Levels and vault maps discovered:
D:        linesprint [early_d, line_temple, items_1, d_10, items_2, lair_1,
          lair_end, items_3, orc_1, orc_end, items_4, d_15, swamp_1, shoals_1,
          snake_1, spider_1, d_20, vaults_1, items_5, swamp_end, shoals_end,
          snake_end, spider_end, vaults_end, d_27, items_6, zot_1, zot_end,
          crypt_end, forest_end, elf_end, slime_end, tomb_end, abyss_end,
          pan_hell_end]

Action                   |  1- 3 |  4- 6 || total
-------------------------+-------+-------++-------
Melee: Flail             |    42 |    70 ||   112
  Use: Potion            |       |     1 ||     1
Armor: Scale mail        |    19 |       ||    19
       Plate armour      |       |    47 ||    47
Dodge: Dodged            |     7 |     7 ||    14
Block: Shield            |    17 |    41 ||    58
